[Event "Titled Tuesday Blitz December 13 Late 2022"]
[White "Sourath Biswas"]
[Black "Rodriguez Santiago, Jaime"]
[WhiteFideId "35091484"]
[BlackFideId "3100898"]
[WhiteElo "2164"]
[BlackElo "2025"]
[Result "1-0"]
[Round "03"]
[TimeControl "180+1"]
[Date "2022.12.14"]
[WhiteClock "0:00:04"]
[BlackClock "0:00:01"]

1. d4 Nf6 2. Bf4 d5 3. e3 c5 4. Nf3 Nc6 5. Nbd2 e6 6. c3 cxd4 7. exd4 Nh5 8. Be3 Bd6 9. Ne5 Nf6 10. g4 Nxe5 11. dxe5 Bxe5 12. f4 Bd6 13. g5 Nd7 14. Nf3 Qc7 15. f5 Ne5 16. f6 gxf6 17. gxf6 Nxf3+ 18. Qxf3 Bd7 19. O-O-O Qa5 20. Kb1 O-O-O 21. Bh3 Kb8 22. Bf4 Qc7 23. Bxd6 Qxd6 24. Qh5 Be8 25. Rhg1 Qf4 26. Rg7 Qxf6 27. Rdg1 h6 28. a3 Qf4 29. Ka2 Qc4+ 30. Ka1 Bb5 31. Qxf7 Bc6 32. Qxe6 Rhf8 33. Qe5+ Ka8 34. R7g4 Qb3 35. Rd4 Rf2 36. Rb4 Qc2 37. Qe7 Rdf8 38. Re1 a6 39. a4 R2f7 40. Qc5 Rc7 41. Qxf8+ Ka7 42. Qc5+ Kb8 43. Qb6 Qd2 44. Rb1 d4 45. Be6 dxc3 46. Ba2 cxb2+ 47. R4xb2 Qc3 48. Qxa6 Bxa4 49. Qxa4 Rc5 50. Qb3 Qe5 51. Qxb7# 1-0


[Site "https://www.chess.com"]

[Event "Titled Tuesday Blitz December 13 Late 2022"]
[White "Stanisz, Patryk"]
[Black "Rodriguez Fontecha, Marcos"]
[WhiteFideId "1123106"]
[BlackFideId "2256576"]
[WhiteElo "2069"]
[BlackElo "2263"]
[Result "0-1"]
[Round "03"]
[TimeControl "180+1"]
[Date "2022.12.14"]
[WhiteClock "0:00:03"]
[BlackClock "0:00:58"]

1. d4 d5 2. c4 Nc6 3. Nf3 e5 4. dxe5 Bb4+ 5. Bd2 dxc4 6. a3 Bc5 7. e3 Be6 8. Qc1 b5 9. Nc3 a6 10. Ne4 Bb6 11. Be2 Nge7 12. Neg5 Bf5 13. e4 Bg6 14. e6 f6 15. Nf7 Bxf7 16. exf7+ Kxf7 17. O-O Re8 18. Bc3 Ng6 19. Rd1 Qe7 20. Re1 Qc5 21. Rf1 Rxe4 22. Qc2 Rae8 23. Rae1 Nf4 24. Bd1 Nd3 25. Rxe4 Rxe4 26. b3 Qd5 27. bxc4 Rxc4 28. Qd2 Rxc3 29. Qxc3 Nxf2 30. Bb3 Ne4+ 31. Kh1 Nxc3 32. Bxd5+ Nxd5 33. h4 a5 34. Rc1 Nd4 0-1


[Site "https://www.chess.com"]

[Event "Titled Tuesday Blitz December 13 Late 2022"]
[White "Steenbekkers, Franck"]
[Black "Weisz, Bryan"]
[WhiteFideId "1004220"]
[BlackFideId "30934133"]
[WhiteElo "1922"]
[BlackElo "2299"]
[Result "0-1"]
[Round "03"]
[TimeControl "180+1"]
[Date "2022.12.14"]
[WhiteClock "0:00:03"]
[BlackClock "0:00:09"]

1. e4 e6 2. d4 Ke7 3. Nc3 Qe8 4. Nf3 Kd8 5. Be2 Ne7 6. O-O h6 7. e5 b6 8. Ne4 Bb7 9. Bd3 Nd5 10. a3 f5 11. exf6 Nxf6 12. Qe2 Qh5 13. c4 Be7 14. Bf4 g5 15. Bg3 Nc6 16. d5 exd5 17. cxd5 Nxd5 18. Rfd1 g4 19. Nfd2 Nd4 20. Qf1 Nf5 21. Rac1 Nxg3 22. fxg3 Qe5 23. Nc4 Qd4+ 24. Kh1 Ne3 25. Qe2 Nxd1 26. Rxd1 Re8 27. Bb1 Qg7 28. Qd3 d5 29. Nc3 Kc8 30. Nxd5 Rd8 31. Qf5+ Kb8 32. Be4 a6 33. Qf4 Bd6 34. Nxd6 Rxd6 35. Qf5 Ka7 0-1


[Site "https://www.chess.com"]

[Event "Titled Tuesday Blitz December 13 Late 2022"]
[White "Suarez Uriel, Adrian"]
[Black "Kovacevic, Radmila"]
[WhiteFideId "22230874"]
[BlackFideId "933171"]
[WhiteElo "2331"]
[BlackElo "2244"]
[Result "1-0"]
[Round "03"]
[TimeControl "180+1"]
[Date "2022.12.14"]
[WhiteClock "0:01:05"]
[BlackClock "0:00:02"]

1. d4 e5 2. dxe5 Nc6 3. Nf3 Qe7 4. e4 Nxe5 5. Nxe5 Qxe5 6. Nc3 Bb4 7. Bd3 d5 8. O-O Bxc3 9. bxc3 dxe4 10. Bxe4 Qxc3 11. Rb1 Nf6 12. Bb2 Qc4 13. Bxf6 gxf6 14. Bd5 Qa6 15. Re1+ Kf8 16. Qd2 h5 17. Qe3 Be6 18. Bxb7 Qxa2 19. Bxa8 Kg7 20. Be4 h4 21. h3 Rh5 22. Bf3 Rg5 23. Kh2 Qxc2 24. Rbc1 Qa4 25. Qe4 Qa3 26. Qxh4 Qd6+ 27. Kh1 a5 28. Qe4 a4 29. Qxa4 c5 30. Rcd1 Qc7 31. Qc6 Qa5 32. Rxe6 fxe6 33. Rd7+ Kg6 34. Qxe6 Qa1+ 35. Kh2 Qe5+ 36. Qxe5 fxe5 37. Rc7 Kf6 38. Rxc5 Kf5 39. Rc4 Ke6 40. g4 Kd6 41. Kg3 Rg7 42. h4 Rf7 43. h5 Rf6 44. g5 Rf5 45. Kg4 Rf8 46. h6 Rf7 47. g6 Rf8 48. g7 Re8 49. h7 e4 50. Rxe4 Rb8 51. g8=Q Rb7 52. Qe6+ Kc5 53. Rc4+ Kb5 54. Qc6+ Ka5 55. Ra4# 1-0


[Site "https://www.chess.com"]

[Event "Titled Tuesday Blitz December 13 Late 2022"]
[White "Suder, Jakub"]
[Black "Kanyamarala, Trisha"]
[WhiteFideId "1195310"]
[BlackFideId "45004722"]
[WhiteElo "2628"]
[BlackElo "2411"]
[Result "0-1"]
[Round "03"]
[TimeControl "180+1"]
[Date "2022.12.14"]
[WhiteClock "0:00:09"]
[BlackClock "0:00:05"]

1. d4 Nf6 2. c4 e6 3. Nc3 d5 4. cxd5 exd5 5. Bg5 c6 6. e3 Be7 7. Bd3 O-O 8. Nge2 Nbd7 9. Qc2 Re8 10. O-O Nf8 11. f3 Ng6 12. e4 dxe4 13. fxe4 Ng4 14. Bxe7 Qxe7 15. Qd2 Qc7 16. Nf4 Qd6 17. Nce2 Rd8 18. h3 Nxf4 19. Rxf4 Ne5 20. Raf1 Nxd3 21. Qxd3 Be6 22. a3 b5 23. Qf3 Bc4 24. Rxf7 Bxf7 25. Qxf7+ Kh8 26. Qh5 Rf8 27. Rxf8+ Rxf8 28. Qg5 Qe6 29. Ng3 Qc4 30. Nf5 g6 31. Qh6 Qf7 32. Ng3 Qf2+ 33. Kh2 Re8 34. d5 cxd5 35. exd5 Re1 36. h4 Rg1 37. Kh3 Qxg2+ 38. Kg4 Qxg3# 0-1


[Site "https://www.chess.com"]

[Event "Titled Tuesday Blitz December 13 Late 2022"]
[White "Sztokbant, Bernardo Vainzoff"]
[Black "Maksimovic, Bojan"]
[WhiteFideId "2115956"]
[BlackFideId "14408120"]
[WhiteElo "2458"]
[BlackElo "2727"]
[Result "0-1"]
[Round "03"]
[TimeControl "180+1"]
[Date "2022.12.14"]
[WhiteClock "0:00:01"]
[BlackClock "0:00:08"]

1. c4 Nf6 2. Nf3 g6 3. g3 Bg7 4. Bg2 O-O 5. O-O d6 6. b3 e5 7. Bb2 Nc6 8. Nc3 h6 9. d4 e4 10. Ne1 Re8 11. d5 Nb8 12. Nc2 Nbd7 13. Ne3 a5 14. Qc2 Nc5 15. a3 h5 16. b4 axb4 17. axb4 Rxa1 18. Rxa1 Na6 19. Qb3 h4 20. Nb5 h3 21. Bh1 Ng4 22. Bxg7 Kxg7 23. Qc3+ Qf6 24. Qxf6+ Kxf6 25. Rb1 Nxe3 26. fxe3 Bd7 27. Nc3 Bf5 28. g4 Bxg4 29. Nxe4+ Kg7 30. Nf2 Bxe2 31. Nxh3 Bxc4 32. Kf2 Rh8 33. Kg3 Bd3 34. Rc1 Bf5 35. Ng5 Rc8 36. e4 Bd7 37. Rb1 f6 38. Nf3 Re8 39. Nd4 Rh8 40. Bg2 Kf7 41. b5 Nc5 42. b6 cxb6 43. Rxb6 Ke7 44. Nb3 Nxb3 45. Rxb3 b5 46. Bf1 Rb8 47. Rb4 Kd8 48. h4 Kc7 49. Bh3 Bxh3 50. Kxh3 Kb6 51. Kg4 Kc5 52. Rb1 b4 53. h5 gxh5+ 54. Kf5 b3 55. Kxf6 b2 56. Ke6 h4 57. e5 dxe5 58. d6 Rb6 59. Kxe5 Kc6 60. Ke6 Rb3 61. Ke5 Kc5 62. Ke6 Kc6 63. Ke5 h3 64. Kd4 h2 65. Kc4 h1=Q 66. Rxh1 b1=Q 67. Rxb1 Rxb1 0-1


[Site "https://www.chess.com"]

[Event "Titled Tuesday Blitz December 13 Late 2022"]
[White "Tabatabaei, M. Amin"]
[Black "Toncheva, Nadya"]
[WhiteFideId "12521213"]
[BlackFideId "2924056"]
[WhiteElo "2551"]
[BlackElo "2101"]
[Result "1-0"]
[Round "03"]
[TimeControl "180+1"]
[Date "2022.12.13"]
[WhiteClock "0:00:08"]
[BlackClock "0:00:06"]

1. d4 d5 2. Nf3 Nf6 3. c3 c5 4. dxc5 e6 5. Be3 Qc7 6. b4 a5 7. Qb3 Nc6 8. Na3 axb4 9. cxb4 Be7 10. Nb5 Qb8 11. g3 O-O 12. Bh3 b6 13. a4 Ba6 14. O-O bxc5 15. bxc5 Na5 16. Qc3 Nc4 17. Rfb1 Qc8 18. Nd2 Nxe3 19. Qxe3 Bxc5 20. Qd3 Qd7 21. Rc1 Rfc8 22. e3 Rab8 23. Bf1 Bb4 24. Rab1 Bxd2 25. Qxd2 Ne4 26. Qd4 Nd6 27. Nxd6 Qxd6 28. Rxb8 Rxb8 29. Qa7 Bxf1 30. Kxf1 h6 31. a5 Rb2 32. Kg2 Qe5 33. Rc8+ Kh7 34. Qxf7 d4 35. exd4 Qe4+ 36. Qf3 Qxd4 37. a6 Ra2 38. Rc6 Qd5 39. Qxd5 exd5 40. Kf3 Kg8 41. Ke3 Kf7 42. Kd4 Rxf2 43. a7 Ra2 44. Rc7+ Ke6 45. Rxg7 Ra4+ 46. Kc5 d4 47. Kb5 Ra2 48. Kb6 d3 49. Rg8 d2 50. Rd8 Ke5 51. Rxd2 Rxd2 52. a8=Q Rxh2 53. Qf8 Ke4 54. Qf4+ Kd5 55. g4 Rb2+ 56. Kc7 Rc2+ 57. Kd7 Rc4 58. Qxh6 Ke4 59. Qe6+ Kd4 60. Qxc4+ Kxc4 61. g5 1-0


[Site "https://www.chess.com"]

[Event "Titled Tuesday Blitz December 13 Late 2022"]
[White "Taboas Rodriguez, Daniel"]
[Black "Kozak, Adam"]
[WhiteFideId "2208466"]
[BlackFideId "753246"]
[WhiteElo "2329"]
[BlackElo "2460"]
[Result "0-1"]
[Round "03"]
[TimeControl "180+1"]
[Date "2022.12.13"]
[WhiteClock "0:00:12"]
[BlackClock "0:01:17"]

1. d4 d5 2. Nf3 Nd7 3. c4 dxc4 4. e4 Nb6 5. Na3 e5 6. Nxe5 Bxa3 7. bxa3 Nf6 8. f3 O-O 9. Nxc4 Nxe4 10. fxe4 Qh4+ 11. Kd2 Qxe4 12. Bb2 Qf4+ 13. Kc3 Nd5+ 14. Kb3 a5 15. Bc1 Qf6 16. a4 b5 17. axb5 Rb8 18. a4 c6 19. Na3 Be6 20. Bc4 cxb5 21. Nxb5 Rfc8 22. Qf3 Rxc4 23. Kxc4 Qg6 24. Kc5 Qc2+ 25. Kd6 Rxb5 0-1


[Site "https://www.chess.com"]

[Event "Titled Tuesday Blitz December 13 Late 2022"]
[White "Tang, Andrew"]
[Black "Ballester Llagaria, Luis Eduardo"]
[WhiteFideId "2059630"]
[BlackFideId "2297620"]
[WhiteElo "2582"]
[BlackElo "2344"]
[Result "1-0"]
[Round "03"]
[TimeControl "180+1"]
[Date "2022.12.13"]
[WhiteClock "0:00:10"]
[BlackClock "0:00:09"]

1. d4 d5 2. Bf4 Nf6 3. e3 c5 4. Nc3 cxd4 5. exd4 a6 6. Nf3 Nc6 7. Ne5 Bf5 8. g4 Be6 9. g5 Nd7 10. Nxc6 bxc6 11. Na4 g6 12. c3 Bg7 13. Bd3 O-O 14. h4 c5 15. dxc5 Rc8 16. b4 a5 17. a3 Ne5 18. O-O Bh3 19. Re1 Nxd3 20. Qxd3 Qd7 21. Nb6 Qg4+ 22. Qg3 Qxg3+ 23. Bxg3 Bxc3 24. Nxc8 Rxc8 25. Rac1 axb4 26. axb4 Bxb4 27. Rxe7 Bxc5 28. Ree1 Bf8 29. Rxc8 Bxc8 30. Re8 Bd7 31. Rd8 1-0


[Site "https://www.chess.com"]

[Event "Titled Tuesday Blitz December 13 Late 2022"]
[White "Thiel, Thomas"]
[Black "Fernandez Siles, Luis"]
[WhiteFideId "4615964"]
[BlackFideId "2209420"]
[WhiteElo "2188"]
[BlackElo "2186"]
[Result "1-0"]
[Round "03"]
[TimeControl "180+1"]
[Date "2022.12.14"]
[WhiteClock "0:00:47"]
[BlackClock "0:00:14"]

1. e4 c5 2. Nc3 Nc6 3. Bb5 Nd4 4. Bc4 e6 5. Nge2 Ne7 6. O-O d5 7. exd5 exd5 8. Nxd5 Nxd5 9. Nxd4 cxd4 10. Qh5 Be6 11. Re1 Nf4 12. Bb5+ Ke7 13. Qg5+ f6 14. Qxf4 Kf7 15. c3 Qd5 16. Qc7+ Be7 17. Bf1 Rac8 18. Qg3 Rhe8 19. Bd3 g6 20. Be4 Qh5 21. Bf3 Qb5 22. a4 Qb3 23. Bd1 Qb6 24. a5 Qc5 25. b4 Qc4 26. Bb2 Rc6 27. Ba4 Bd6 28. Qh4 Rc7 29. Qxh7+ Kf8 30. Qh8+ Bg8 31. Rxe8+ Kf7 32. Qxg8# 1-0


[Site "https://www.chess.com"]

[Event "Titled Tuesday Blitz December 13 Late 2022"]
[White "Thomforde-Toates, Noah"]
[Black "Lacasa Diaz, Jose Antonio"]
[WhiteFideId "30951992"]
[BlackFideId "2203375"]
[WhiteElo "2592"]
[BlackElo "2338"]
[Result "1-0"]
[Round "03"]
[TimeControl "180+1"]
[Date "2022.12.14"]
[WhiteClock "0:01:34"]
[BlackClock "0:01:14"]

1. d4 d5 2. Nc3 e6 3. Bf4 Bd6 4. e3 Bd7 5. Nf3 Bxf4 6. exf4 Ne7 7. Bd3 a6 8. O-O O-O 9. Bxh7+ Kxh7 10. Ng5+ Kg6 11. Qg4 e5 12. Ne6+ Kh7 13. Qxg7# 1-0


[Site "https://www.chess.com"]

[Event "Titled Tuesday Blitz December 13 Late 2022"]
[White "Topalov, Aleksandar"]
[Black "Hamley, Ryan"]
[WhiteFideId "925659"]
[BlackFideId "30959497"]
[WhiteElo "2151"]
[BlackElo "2604"]
[Result "1/2-1/2"]
[Round "03"]
[TimeControl "180+1"]
[Date "2022.12.14"]
[WhiteClock "0:01:00"]
[BlackClock "0:01:04"]

1. b3 e5 2. Bb2 Nc6 3. c4 Nf6 4. e3 d5 5. cxd5 Nxd5 6. a3 Bd6 7. Qc2 O-O 8. Nf3 Kh8 9. d3 Be6 10. Nbd2 f6 11. Be2 Qe8 12. O-O Qg6 13. Kh1 Rad8 14. Rac1 a6 15. b4 Rfe8 16. d4 exd4 17. Qxg6 hxg6 18. Nxd4 Bd7 19. Nxc6 Bxc6 20. Bxa6 Ne7 21. Bc4 Bxb4 22. axb4 Rxd2 23. Bc3 Rdd8 24. Rfd1 Nd5 25. Bxd5 Rxd5 26. Rxd5 Bxd5 27. Rd1 c6 28. Bd4 Ra8 29. f3 f5 30. Kg1 Ra2 31. h4 Kg8 32. Bc5 Kf7 33. Re1 Ke6 34. Bf8 Kf7 35. Bc5 Ke6 36. Bf8 Kf7 37. Bc5 1/2-1/2


[Site "https://www.chess.com"]

[Event "Titled Tuesday Blitz December 13 Late 2022"]
[White "Torres Boch, Jose Francisco"]
[Black "Martinez Reyes, Pedro Ramon"]
[WhiteFideId "2278383"]
[BlackFideId "3901807"]
[WhiteElo "2073"]
[BlackElo "2354"]
[Result "1-0"]
[Round "03"]
[TimeControl "180+1"]
[Date "2022.12.14"]
[WhiteClock "0:00:34"]
[BlackClock "0:00:12"]

1. e4 Nc6 2. Nf3 d6 3. Bc4 Nf6 4. d4 Nxe4 5. O-O d5 6. Bb5 Bg4 7. h3 Bxf3 8. Qxf3 e6 9. c4 Be7 10. cxd5 exd5 11. Nc3 Nxc3 12. bxc3 O-O 13. Re1 Bg5 14. Ba3 Be7 15. Bxc6 Bxa3 16. Bxb7 Rb8 17. Bxd5 Bd6 18. Re2 Qg5 19. Rae1 g6 20. c4 c5 21. dxc5 Bxc5 22. Re5 Qd2 23. Qe2 Qd4 24. Re4 Qf6 25. Qf3 Qxf3 26. gxf3 Rb2 27. R1e2 Rfb8 28. Kg2 Kg7 29. f4 a5 30. Kf3 a4 31. Rxb2 Rxb2 32. Re2 Rb1 33. Bc6 a3 34. Ba4 Rc1 35. Bb3 f5 36. Re5 Rc3+ 37. Ke2 Bd4 38. Rd5 Bf6 39. Rd3 Rc1 40. Rd1 Rc3 41. Rd3 Rc1 42. Rd1 Rxd1 43. Kxd1 Kf7 44. c5+ Ke7 45. Bg8 h6 46. Ke2 Kf8 47. Bd5 Bd4 48. c6 Ke7 49. Kf3 g5 50. fxg5 hxg5 51. Kg2 Kd6 52. Kf1 Bb6 53. Bg2 Ke5 54. Ke2 Kd4 55. Kd2 Ke5 56. Ke2 Kd4 57. f4 g4 58. hxg4 fxg4 59. Kf2 Bc7 60. Kg3 Ke3 61. Kxg4 Bxf4 62. Kf5 Bg3 63. Ke6 Kd2 64. Kd7 Kc3 65. Bd5 Kd4 66. Bb3 Kc5 67. c7 Bxc7 68. Kxc7 Kb5 69. Kd6 Ka5 70. Kd5 Ka6 71. Kc4 Ka7 72. Kb4 Kb8 73. Kxa3 Ka8 74. Kb4 Kb8 75. Ka5 Ka8 76. Ka6 Kb8 77. a4 Ka8 78. Bd5+ Kb8 79. a5 Kc8 80. Ka7 1-0


[Site "https://www.chess.com"]

[Event "Titled Tuesday Blitz December 13 Late 2022"]
[White "Urazayev, Arystanbek"]
[Black "Kaplan, Avi Harrison"]
[WhiteFideId "13709810"]
[BlackFideId "30934559"]
[WhiteElo "2750"]
[BlackElo "2466"]
[Result "1-0"]
[Round "03"]
[TimeControl "180+1"]
[Date "2022.12.14"]
[WhiteClock "0:02:12"]
[BlackClock "0:00:05"]

1. e4 c5 2. Nf3 d6 3. d4 cxd4 4. Nxd4 Nf6 5. Nc3 a6 6. Rg1 e5 7. Nb3 h5 8. h3 h4 9. Bg5 Be7 10. Qf3 b5 11. O-O-O Bb7 12. g4 b4 13. Bxf6 Bxf6 14. Nd5 Nd7 15. Kb1 Rc8 16. Nxb4 a5 17. Nd5 a4 18. Nc1 Qa5 19. Qa3 Rc6 20. g5 Bd8 21. Nd3 O-O 22. g6 f5 23. N3b4 Rc8 24. Qf3 fxe4 25. Qh5 Nf6 26. Nxf6+ Rxf6 27. Qh7+ Kf8 28. Qh8+ Ke7 29. Qxg7+ Ke8 30. Qxb7 Rc7 31. Bb5+ Kf8 32. g7+ Kg8 33. Qd5+ Rcf7 34. Nc6 Qc7 35. Nxe5 Rxf2 36. Bc4 Rf5 37. Qxf7+ Rxf7 38. Bxf7+ Qxf7 39. Nxf7 Bf6 40. Nh6+ Kh7 41. g8=Q+ Kxh6 42. Qg6# 1-0


[Site "https://www.chess.com"]

[Event "Titled Tuesday Blitz December 13 Late 2022"]
[White "Walentukiewicz, Michal"]
[Black "Hoffmann, Asa"]
[WhiteFideId "1126903"]
[BlackFideId "2001470"]
[WhiteElo "2028"]
[BlackElo "2117"]
[Result "1-0"]
[Round "03"]
[TimeControl "180+1"]
[Date "2022.12.14"]
[WhiteClock "0:02:39"]
[BlackClock "0:00:59"]

1. g3 d6 2. Bg2 e5 3. c4 c6 4. d3 Nf6 5. Nf3 Be7 6. O-O h6 7. c5 Be6 8. cxd6 Bxd6 9. Nc3 Qd7 10. d4 exd4 11. Nxd4 Bh3 12. Qb3 Bxg2 13. Kxg2 Na6 14. Rd1 O-O 15. e4 Rfe8 16. Nf5 Nc5 17. Qc2 Re6 18. Bf4 Ne8 19. e5 Rg6 20. Nxd6 Nxd6 21. Rxd6 Qf5 22. Qxf5 1-0


[Site "https://www.chess.com"]

[Event "Titled Tuesday Blitz December 13 Late 2022"]
[White "Winkels, Marcel"]
[Black "Seletsky, Grigory"]
[WhiteFideId "1003887"]
[BlackFideId "14112191"]
[WhiteElo "1900"]
[BlackElo "2492"]
[Result "1-0"]
[Round "03"]
[TimeControl "180+1"]
[Date "2022.12.14"]
[WhiteClock "0:00:20"]
[BlackClock "0:00:41"]

1. d4 e6 2. Bf4 d5 3. Nc3 Bd6 4. e3 a6 5. Nf3 c5 6. Bg3 Nc6 7. Be2 cxd4 8. exd4 Qc7 9. O-O Nge7 10. a3 Nf5 11. Bxd6 Nxd6 12. Bd3 b5 13. Re1 O-O 14. Bxh7+ Kxh7 15. Ng5+ Kg6 16. Qg4 f5 17. Qg3 Ne8 18. Nxe6+ Qxg3 19. Nxf8+ Kf7 20. fxg3 Kxf8 21. Nxd5 Nxd4 22. Rxe8+ Kxe8 23. Nc7+ Kd7 24. Nxa8 Kc6 25. Rd1 Ne6 26. Rf1 Bb7 27. Rxf5 Bxa8 28. Rf7 Bb7 29. g4 Bc8 30. h4 Bd7 31. g5 a5 32. h5 Be8 33. Re7 Bd7 34. h6 gxh6 35. gxh6 Nf8 36. h7 Ng6 37. Rg7 Nh8 38. Rg8 1-0


[Site "https://www.chess.com"]

[Event "Titled Tuesday Blitz December 13 Late 2022"]
[White "Xiong, Jeffery"]
[Black "Jaracz, Pawel"]
[WhiteFideId "2047640"]
[BlackFideId "1102222"]
[WhiteElo "2726"]
[BlackElo "2460"]
[Result "1-0"]
[Round "03"]
[TimeControl "180+1"]
[Date "2022.12.13"]
[WhiteClock "0:01:40"]
[BlackClock "0:01:43"]

1. e4 c5 2. Nf3 e6 3. c3 Nf6 4. Bd3 Nc6 5. Bc2 Be7 6. O-O d5 7. e5 Nd7 8. d4 g5 9. Be3 Qb6 10. b4 cxd4 11. cxd4 g4 12. Ne1 h5 13. a3 a5 14. b5 Qxb5 15. Nc3 Qb2 16. Na4 Qxa3 17. Rxa3 Bxa3 18. Bd3 Be7 19. Bb5 Kf8 20. f3 g3 21. hxg3 h4 22. gxh4 Bxh4 23. Nd3 Rb8 24. f4 Na7 25. Bxd7 Bxd7 26. Nb6 Bb5 27. f5 Bg3 28. fxe6 Bh2+ 29. Kf2 fxe6 30. Ke1+ Ke8 31. Qg4 1-0


[Site "https://www.chess.com"]

[Event "Titled Tuesday Blitz December 13 Late 2022"]
[White "Young, Ryan"]
[Black "Danielyan, Vahe"]
[WhiteFideId "2049945"]
[BlackFideId "13304828"]
[WhiteElo "2300"]
[BlackElo "2423"]
[Result "1/2-1/2"]
[Round "03"]
[TimeControl "180+1"]
[Date "2022.12.14"]
[WhiteClock "0:01:23"]
[BlackClock "0:02:20"]

1. d4 d5 2. c4 e6 3. Nf3 c5 4. g3 Nf6 5. Bg2 dxc4 6. O-O cxd4 7. Nxd4 Bc5 8. Qa4+ Bd7 9. Qxc4 Bxd4 10. Qxd4 Bc6 11. Qxd8+ Kxd8 12. Nc3 Bxg2 13. Kxg2 Nc6 14. Rd1+ Ke7 15. b3 Rhd8 16. Ba3+ Ke8 17. Nb5 Rac8 18. Nd6+ Rxd6 19. Bxd6 Nd5 20. e3 f5 21. Bc5 a6 22. Bd4 g6 23. Rac1 Kf7 24. Kf1 Re8 25. Ke2 e5 26. Bc5 Ke6 27. Rd2 e4 28. Rcd1 Nc3+ 29. Ke1 Nxd1 30. Rxd1 Rd8 31. Rxd8 Nxd8 32. Kd2 Nc6 33. h3 Kd5 34. Bf8 Ne5 35. Bg7 Nd3 36. Ke2 Nc1+ 37. Kd2 Nxa2 38. Bf8 a5 39. Kc2 Nb4+ 40. Bxb4 axb4 41. Kd2 g5 42. Ke2 Ke5 43. Kf1 h6 44. Ke2 f4 45. g4 Kf6 46. Kf1 h5 47. Kg1 Kg6 48. Kf1 b6 49. Kg1 Kh6 50. Kf1 Kg6 51. Ke1 hxg4 52. hxg4 Kf6 53. Kd1 Ke5 54. Ke1 fxe3 55. fxe3 Kd5 56. Kd1 Ke5 57. Kd2 Kd5 58. Ke1 Ke5 59. Kd1 Kd5 60. Ke1 Ke5 61. Kd1 Kd5 62. Ke1 1/2-1/2


[Site "https://www.chess.com"]

[Event "Titled Tuesday Blitz December 13 Late 2022"]
[White "Yuan, Qingyu"]
[Black "Jimenez Almeida, Luis David"]
[WhiteFideId "8609772"]
[BlackFideId "22242244"]
[WhiteElo "2776"]
[BlackElo "2477"]
[Result "0-1"]
[Round "03"]
[TimeControl "180+1"]
[Date "2022.12.14"]
[WhiteClock "0:00:03"]
[BlackClock "0:00:51"]

1. e4 Nf6 2. e5 Nd5 3. d4 d6 4. c4 Nb6 5. f4 dxe5 6. fxe5 c5 7. d5 e6 8. Nc3 exd5 9. cxd5 c4 10. Nf3 Bg4 11. Be2 Bc5 12. Bg5 f6 13. Bh4 O-O 14. e6 Na6 15. Qd2 Bd6 16. O-O-O Nc5 17. Kb1 Qe7 18. Nd4 Bxe2 19. Qxe2 g6 20. Rhf1 Nd3 21. Rxd3 cxd3 22. Qxd3 Be5 23. Qe4 Qb4 24. Nde2 Nc4 25. Kc1 Qxb2+ 26. Kd1 Qd2# 0-1


[Site "https://www.chess.com"]

[Event "Titled Tuesday Blitz December 13 Late 2022"]
[White "Zhu, Jiner"]
[Black "Vedder, Richard"]
[WhiteFideId "8608059"]
[BlackFideId "1004166"]
[WhiteElo "2642"]
[BlackElo "2412"]
[Result "0-1"]
[Round "03"]
[TimeControl "180+1"]
[Date "2022.12.14"]
[WhiteClock "0:00:06"]
[BlackClock "0:00:08"]

1. e4 e5 2. Nf3 Nc6 3. Bc4 Nf6 4. Ng5 d5 5. exd5 Na5 6. Bb5+ c6 7. dxc6 bxc6 8. Qf3 h6 9. Ne4 Nd5 10. Be2 Be7 11. O-O O-O 12. d3 f5 13. Ng3 Be6 14. Nc3 Rb8 15. Re1 Bd6 16. Bf1 Qf6 17. a3 Nxc3 18. bxc3 Bd5 19. Qd1 c5 20. Bd2 Ba8 21. Qe2 Nc6 22. f3 Ne7 23. Qf2 Ng6 24. Kh1 Qh4 25. Kg1 Rb2 26. Rac1 Qa4 27. d4 exd4 28. cxd4 Rxc2 29. Bd3 Rxc1 30. Rxc1 cxd4 31. Nxf5 Nf4 32. Bc4+ Kh7 33. Nxd6 Qxa3 34. Nf7 Bd5 35. Bxd5 Nxd5 36. Ne5 Ne3 37. Re1 Nc2 38. Rd1 Ne3 39. Re1 Re8 40. Bxe3 dxe3 41. Qxe3 Qa5 42. Qe4+ Kg8 43. Qc4+ Kh7 44. Qe4+ Kg8 45. h4 Qb6+ 46. Kh1 a5 47. Re2 a4 48. Qxa4 Qb1+ 49. Kh2 Qf5 50. Qe4 Qf6 51. h5 Qe6 52. Re3 Qf6 53. Qc4+ Kh7 54. Qe4+ Kg8 55. Kg3 Qg5+ 56. Kf2 Qxh5 57. g3 Qh2+ 58. Kf1 Qh1+ 59. Ke2 Qg2+ 60. Kd3 Qxg3 61. Qd5+ Kh7 62. Nc4 Qg6+ 63. Re4 Rxe4 64. Qxe4 h5 65. Qxg6+ Kxg6 66. Ke3 h4 67. Nd2 Kg5 68. Nf1 h3 69. Kf2 Kh4 70. Nh2 g5 71. Ng4 Kh5 72. Kg3 h2 73. Kh3 h1=Q+ 0-1


[Site "https://www.chess.com"]

[Event "Titled Tuesday Blitz December 13 Late 2022"]
[White "Adel, Sara"]
[Black "Annaberdiyev, Babageldi"]
[WhiteFideId "10616764"]
[BlackFideId "14000385"]
[WhiteElo "1997"]
[BlackElo "2332"]
[Result "0-1"]
[Round "04"]
[TimeControl "180+1"]
[Date "2022.12.14"]
[WhiteClock "0:00:07"]
[BlackClock "0:01:25"]

1. e4 e6 2. d4 d5 3. Nd2 Nf6 4. e5 Nfd7 5. Bd3 c5 6. c3 Nc6 7. Ne2 Qb6 8. Nf3 cxd4 9. cxd4 f6 10. exf6 Nxf6 11. a3 Bd6 12. O-O O-O 13. Bf4 Bxf4 14. Nxf4 g6 15. Re1 Nxd4 16. Ne5 Nc6 17. Nxe6 Bxe6 18. Nxg6 Bg4 19. Be2 Bxe2 20. Qxe2 hxg6 21. Qe6+ Kg7 22. Qd6 Rf7 23. Re6 Raf8 24. Rf1 Nd4 25. Kh1 Qxd6 26. Rxd6 Ne4 0-1


[Site "https://www.chess.com"]

[Event "Titled Tuesday Blitz December 13 Late 2022"]
[White "Aguilar, Juan"]
[Black "Itkis, Boris"]
[WhiteFideId "3800091"]
[BlackFideId "1209167"]
[WhiteElo "2524"]
[BlackElo "2216"]
[Result "0-1"]
[Round "04"]
[TimeControl "180+1"]
[Date "2022.12.14"]
[WhiteClock "0:00:02"]
[BlackClock "0:00:16"]

1. d4 d5 2. c4 e6 3. Nf3 Nf6 4. g3 Bb4+ 5. Nbd2 a5 6. Bg2 O-O 7. O-O b6 8. a3 Bd6 9. e4 dxe4 10. Ng5 Bb7 11. Ndxe4 Nxe4 12. Nxe4 Be7 13. Be3 Ra7 14. Qc2 Nd7 15. h4 Qa8 16. Ng5 Bxg5 17. Bxb7 Qxb7 18. hxg5 b5 19. c5 Qd5 20. Rac1 c6 21. Bf4 Rd8 22. Rfd1 Nf8 23. Bd6 Qxg5 24. Qe4 Qd5 25. Qxd5 exd5 26. Re1 Ne6 27. Rcd1 Re8 28. Kg2 f6 29. Re3 Kf7 30. g4 Raa8 31. Rh3 h6 32. f4 a4 33. Rf3 Nd8 34. Kf2 Nb7 35. Re1 Nxd6 36. cxd6 Rxe1 37. Kxe1 Rd8 38. Rc3 Rxd6 39. Kf2 f5 40. Kf3 Kf6 41. Rc1 fxg4+ 42. Kxg4 g6 43. Rh1 h5+ 44. Kf3 Kf5 45. Rg1 Re6 46. Rg5+ Kf6 47. Rg1 Re4 48. Rc1 Rxd4 49. Rxc6+ Kf5 50. Rc5 Rxf4+ 51. Ke3 Re4+ 52. Kf3 Rd4 53. Rxb5 g5 54. Rb8 g4+ 55. Kg3 Rd3+ 56. Kh4 Rh3# 0-1


[Site "https://www.chess.com"]

[Event "Titled Tuesday Blitz December 13 Late 2022"]
[White "Al-Tarboush, Ward"]
[Black "Bortnyk, Mykola"]
[WhiteFideId "7601450"]
[BlackFideId "14120836"]
[WhiteElo "2263"]
[BlackElo "2582"]
[Result "0-1"]
[Round "04"]
[TimeControl "180+1"]
[Date "2022.12.13"]
[WhiteClock "0:02:18"]
[BlackClock "0:02:14"]

1. e4 Nf6 2. e5 Nd5 3. d4 d6 4. Nf3 dxe5 5. dxe5 Bf5 6. Nc3 Nb4 7. Qxd8+ Kxd8 8. Nd4 Nxc2+ 9. Nxc2 Bxc2 10. e6 fxe6 11. Bf4 c6 12. Bc4 e5 13. Bxe5 Nd7 14. Bg3 e5 15. O-O h5 16. Rfe1 Bd6 17. Ne4 Bxe4 18. Rxe4 Kc7 19. Rd1 Rae8 20. b4 Nf6 21. Re2 h4 22. Red2 Bxb4 23. Rb2 a5 24. a3 Bxa3 25. Rb3 Bb4 0-1


[Site "https://www.chess.com"]